 Dungeon Crawl Stone Soup version 0.20.1-1-g8b1a95d (webtiles) character file.

290 Phantomfrettchen the Ducker (level 6, -2/38 HPs)
             Began as an Octopode Transmuter on Oct 7, 2017.
             Slain by a gnoll
             ... wielding a +0 club
              (8 damage)
             ... on level 4 of the Dungeon.
             The game lasted 00:12:56 (3437 turns).

Phantomfrettchen the Ducker (Octopode Transmuter)   Turns: 3437, Time: 00:12:58

Health: -2/38      AC:  1    Str:  9    XL:     6   Next: 32%
Magic:  7/9        EV: 15    Int: 16    God:
Gold:   67         SH:  0    Dex: 14    Spells: 6/9 levels left

rFire    . . .     SeeInvis .   u - +5 club
rCold    . . .     Gourm    .   (no shield)
rNeg     . . .     Faith    .   (helmet restricted)
rPois    .         Spirit   .   (no amulet)
rElec    .         Reflect  .   (no ring)
rCorr    .         Harm     .   (no ring)
MR       .....                  (no ring)
Stlth    ++........             (no ring)
Regen    0.2/turn               (no ring)
MPRegen  0.2/turn               (no ring)
                                (no ring)
                                (no ring)

@: glowing, drained
A: almost no armour, stealthy swim, amphibious, 8 rings, constrict 8, camouflage
1, gelatinous body 1
a: no special abilities


You were on level 4 of the Dungeon.
You were very hungry.

You visited 1 branch of the dungeon, and saw 4 of its levels.

You collected 67 gold pieces.

Inventory:

Hand Weapons
 h - a +0 hunting sling
 i - a +2 dagger of freezing
 u - a +5 club (weapon)
Missiles
 a - 26 arrows
 d - 106 stones (quivered)
 l - 35 bolts
Wands
 r - a wand of lightning (7/15)
 v - a wand of digging (5/24)
Scrolls
 j - a scroll of remove curse {unknown}
 k - 2 scrolls of amnesia {unknown}
 m - a scroll of immolation {unknown}
 n - a scroll of blinking {unknown}
 p - a scroll of noise {unknown}
 t - a scroll of identify {unknown}
Potions
 e - a potion of haste
 q - a potion of berserk rage {unknown}
 s - a potion of curing {unknown}
 w - a potion of heal wounds {unknown}
Books
 b - a book of Changes

   Spells                             Type                      Level
   a - Beastly Appendage              Transmutation                1
   b - Sticks to Snakes               Transmutation                2
   c - Spider Form                    Transmutation/Poison         3
   d - Ice Form                       Ice/Transmutation            4
   e - Blade Hands                    Transmutation                5
Comestibles
 c - a bread ration
 g - 4 fruits
 o - a meat ration


   Skills:
 - Level 1.0(0.5) Fighting
 - Level 0.2(0.0) Maces & Flails
 - Level 2.2(1.7) Throwing
 + Level 4.2(3.6) Dodging
 - Level 4.1(3.6) Stealth
 - Level 4.0(3.4) Unarmed Combat
 - Level 2.0(1.5) Spellcasting
 - Level 2.0(1.5) Transmutations


You had 6 spell levels left.
You knew the following spells:

 Your Spells              Type           Power        Failure   Level  Hunger
a - Beastly Appendage     Tmut           #.....       12%         1    ##.....
b - Sticks to Snakes      Tmut           #.......     19%         2    ###....


Dungeon Overview and Level Annotations

Branches:
Dungeon (4/15)
 Temple: D:4-7

Altars:
Nemelex Xobeh
The Shining One


Innate Abilities, Weirdness & Mutations

You cannot wear most types of armour.
You are very stealthy in the water. (Stealth+)
You are amphibious.
You can wear up to eight rings at the same time.
You can use your tentacles to constrict eight enemies at once.
Your skin changes colour to match your surroundings (Stealth+).
Your rubbery body absorbs attacks. (AC +1, EV +1)


Message History

You hit the gnoll shaman.
The gnoll shaman is almost dead.
You constrict the gnoll shaman. The gnoll shaman hits you with a whip!
You hit the gnoll shaman but do no damage.
The gnoll shaman is almost dead.
You constrict the gnoll shaman.
You kill the gnoll shaman!
Your base Dodging skill increases to level 4!
You hit the gnoll. Your grab misses the gnoll. You squeeze the gnoll!
The gnoll is severely wounded.
The gnoll barely misses you. The gnoll hits you with a club!
You hit the gnoll.
You kill the gnoll!
You hit the gnoll. You grab the gnoll. You squeeze the gnoll!
The gnoll is almost dead.
You constrict the gnoll, but do no damage.
The gnoll hits you with a club!
* * * LOW HITPOINT WARNING * * *
The gnoll hits you with a club!
You die...

.#### #
##.......
##...##...
######.........
#.......#.#
#.#####<..# #.#
##.## #.# .#
#@# .# #g# .#
####g#### .#
#.......# .#
.....##....# .#
#### .......(.
..........
.#.....gg..
#.##........


You could see 2 gnolls.

Vanquished Creatures
  A vampire bat (D:3)
  A gnoll shaman (D:4)
  Jessica (D:3)
  Terence (D:3)
  2 gnolls (D:4)
  An adder (D:2)
  An ooze (D:1)
  A dart slug (D:2)
  3 fire bats (D:3)
  4 leopard geckos
  3 orcs (D:3)
  2 spectral bats (D:3)
  A ball python (D:3)
  A bat simulacrum (D:3)
  3 bat skeletons (D:3)
  A bat zombie (D:3)
  2 giant cockroaches
  9 goblins
  8 hobgoblins
  4 kobolds
  16 bats
  2 frilled lizards (D:2)
  11 rats
79 creatures vanquished.

Notes
Turn   | Place    | Note
-------+----------+-------------------------------------------
     0 | D:1      | Phantomfrettchen the Octopode Transmuter began the quest for the Orb.
     0 | D:1      | Reached XP level 1. HP: 13/13 MP: 3/3
   169 | D:1      | Reached XP level 2. HP: 16/18 MP: 3/5
   481 | D:1      | Reached XP level 3. HP: 23/23 MP: 6/6
   606 | D:1      | Reached skill level 1 in Throwing
  1022 | D:2      | Found a sparkling altar of Nemelex Xobeh.
  1365 | D:2      | Found a glowing golden altar of the Shining One.
  1580 | D:2      | Reached XP level 4. HP: 21/28 MP: 7/7
  2003 | D:3      | Noticed Terence
  2011 | D:3      | Learned a level 2 spell: Sticks to Snakes
  2023 | D:3      | Killed Terence
  2457 | D:3      | Noticed Jessica
  2459 | D:3      | Killed Jessica
  2459 | D:3      | Reached XP level 5. HP: 33/33 MP: 8/8
  2953 | D:3      | Reached XP level 6. HP: 7/38 MP: 9/9
  3437 | D:4      | Slain by a gnoll

Skill      XL: |  1  2  3  4  5  6 |
---------------+-------------------+-----
Unarmed Combat | 4 |  4.0
Throwing       | 2 |  2.2
Stealth        | 3 4 |  4.1
Dodging        | 3 4 |  4.2
Fighting       | |  1.0
Maces & Flails | |  0.2
Spellcasting   | |  2.0
Transmutations | |  2.0

Action                   |  1- 3 |  4- 6 || total
-------------------------+-------+-------++-------
Melee: Unarmed           |    37 |       ||    37
       Constrict         |    22 |    17 ||    39
       Tentacles         |    14 |    10 ||    24
       Kick              |     3 |     1 ||     4
       Dagger            |    39 |    32 ||    71
       Club              |       |    68 ||    68
       Punch             |       |     2 ||     2
Throw: Stone             |     9 |    17 ||    26
 Cast: Beastly Appendage |     5 |     2 ||     7
       Sticks to Snakes  |       |     5 ||     5
  Use: Potion            |       |     3 ||     3
 Stab: Sleeping          |     6 |     6 ||    12
       Distracted        |     1 |       ||     1
  Eat: Chunk             |     2 |     5 ||     7
Armor: Skin              |     8 |    27 ||    35
Dodge: Dodged            |    57 |    86 ||   143
